 Dungeon Crawl Stone Soup version 0.28.0-53-g5a82cb258f (webtiles) character file.

Game seed: 4863428972286537467

4 Plasmagod the Skirmisher (level 1, 11/11 HPs)
             Began as a Vine Stalker Fighter on July 21, 2022.
             Was a Follower of Kikubaaqudgha.
             Quit the game on level 1 of the Dungeon.
             The game lasted 00:00:24 (153 turns).

Plasmagod the Skirmisher (Vine Stalker Fighter)      Turns: 153, Time: 00:00:24

Health: 11/11      AC:  6    Str: 18    XL:     1   Next: 60%
Magic:  2/2        EV:  9    Int:  8    God:    Kikubaaqudgha [*.....]
Gold:   0          SH:  4    Dex: 13    Spells: 0/0 levels left

rFire   . . .      SeeInvis .   a - +0 long sword
rCold   . . .      Faith    .   c - +0 buckler
rNeg    . . .      Spirit   +   b - +0 scale mail
rPois   .          Reflect  .   (no helmet)
rElec   .          Harm     .   (no cloak)
rCorr   .          Rampage  .   (no gloves)
Will    .....                   (no boots)
Stlth   ..........              (no amulet)
HPRegen 0.03/turn               (no ring)
MPRegen 0.08/turn               (no ring)

@: no status effects
A: fangs 2, magic shield, antimagic bite, no potion heal 2
a: Renounce Religion, Receive Corpses


You were on level 1 of the Dungeon.
You worshipped Kikubaaqudgha.
Kikubaaqudgha was aware of your devotion.
You visited 1 branch of the dungeon, and saw 1 of its levels.

Inventory:

Hand Weapons
 a - a +0 long sword (weapon)
Armour
 b - a +0 scale mail (worn)
 c - a +0 buckler (worn)
Scrolls
 e - a scroll of enchant armour {unknown}
Potions
 d - a potion of might


   Skills:
 + Level 2.8 Fighting
 + Level 1.7 Long Blades
 + Level 2.4 Armour
 + Level 2.8 Shields


You couldn't memorise any spells.
You didn't know any spells.
Your spell library contained the following spells:

 Spells                   Type           Power      Damage    Failure   Level
 Animate Skeleton         Necr           0%         N/A       88%         1
 Pain                     Necr           0%         1d4       88%         1
 Sublimation of Blood     Necr           0%         N/A       95%         2
 Agony                    Necr           0%         N/A       100%        5


Dungeon Overview and Level Annotations

Branches:
Dungeon (1/15)

Altars:
Kikubaaqudgha


Innate Abilities, Weirdness & Mutations

You have extremely sharp teeth.
When hurt, damage is shared between your health and your magic reserves.
Your bite disrupts and absorbs the magic of your enemies.
Potions cannot restore your health.


Message History

You hit the ball python. Your bite misses the ball python.
The ball python is severely wounded.
The ball python bites you but does no damage.
The ball python constricts you. The ball python barely misses you.
The ball python constricts you.
You barely miss the ball python. Your bite misses the ball python.
The ball python is severely wounded.
The ball python barely misses you. The ball python constricts you.
You hit the ball python.
You kill the ball python!
HP restored.
You see here a ball python corpse.
e - a scroll labelled EHIPOY TAQOILI A bat comes into view.
The bat hits you but does no damage.
You slash the bat!
You kill the bat!
No target in view!
A kobold comes into view. It is wielding a +0 club.
Found a stone staircase leading down.
The kobold shouts!
You hit the kobold.
You kill the kobold!
No target in view!
Things that are here:
a +0 club; a kobold corpse
There is a stone staircase leading down here.
There is a stone staircase leading down here.
Things that are here:
a +0 club; a kobold corpse
Found a faded altar of an unknown god.
Found a robe.
There is a faded altar of an unknown god here.
You cannot tell which god this altar belongs to.
Convert to them anyway?
Kikubaaqudgha accepts your prayer! Kikubaaqudgha welcomes you!
You can now receive cadavers from Kikubaaqudgha.
Kikubaaqudgha grants you a gift!
You add the spells Animate Skeleton, Pain, Sublimation of Blood and Agony to your library.
Are you sure you want to abandon this character and quit the game? (Confirm with "yes".)

### ###♣@♣### #.
##P...[.P## #.##
#P..≈≈P..P#
..#####.##..P≈P..##
#....##.###P...P##
#....##.#####.###
#.........#P##.P#
#........##...P##
####..†.....#.P####


There were no monsters in sight!

Vanquished Creatures
  A bat (D:1)
  2 ball pythons (D:1)
  A kobold (D:1)
4 creatures vanquished.

Notes
Turn   | Place    | Note
-------+----------+-------------------------------------------
     0 | D:1      | Plasmagod the Vine Stalker Fighter began the quest for the
                  | Orb.
     0 | D:1      | Reached XP level 1. HP: 11/11 MP: 2/2
   144 | D:1      | Found a faded altar of an unknown god.
   152 | D:1      | Prayed at the altar of an unknown god.
   152 | D:1      | Became a worshipper of Kikubaaqudgha
   152 | D:1      | Reached * piety under Kikubaaqudgha
   152 | D:1      | Received a gift from Kikubaaqudgha
   153 | D:1      | Quit the game

Illustrated notes

Levels and vault maps discovered:
D:1:      onia_arrival_pentagram, layout_basic,
          dreamdust_ecumenical_altar_hidden_monk_grotto

Action                   || total
-------------------------++-------
Melee: Long sword        ||     7
Armor: Scale mail        ||     2
Dodge: Dodged            ||     6
Block: Buckler           ||     1
